 Dungeon Crawl Stone Soup version 0.16.2-12-gd0ad4c3 (webtiles) character file.

2114 faibistes the Thaumaturge (level 9, 0/45 HPs)
             Began as a Deep Elf Wizard on Feb 8, 2019.
             Was a Priest of Sif Muna.
             Slain by an orc wizard
             ... wielding a +0 dagger
              (5 damage)
             ... on level 6 of the Dungeon.
             The game lasted 00:22:13 (8744 turns).

faibistes the Thaumaturge (Deep Elf Wizard)         Turns: 8744, Time: 00:22:13

Health: 0/45       AC:  3    Str:  5    XL:     9   Next: 8%
Magic:  10/29      EV: 15    Int: 26    God:    Sif Muna [***...]
Gold:   271        SH:  0    Dex: 13    Spells: 8 memorised, 9 levels left

rFire  . . .     SeeInvis .     w - +2 falchion (drain)
rCold  . . .     Clarity  .     a - +0 robe
rNeg   . . .     SustAb   .     (no shield)
rPois  .         Gourm    .     b - +0 hat
rElec  .         Spirit   .     (no cloak)
rCorr  .         Warding  .     (no gloves)
rMut   .         Stasis   .     B - +0 pair of boots
MR     .....                    p - amulet of regeneration
Stlth  ++........               (no ring)
                                (no ring)

@: repel missiles, not resistant to hostile enchantments, unstealthy
A: no striking features
a: Channel Energy, Forget Spell, Renounce Religion


You were on level 6 of the Dungeon.
You worshipped Sif Muna.
Sif Muna was most pleased with you.
You were not hungry.

You visited 2 branches of the dungeon, and saw 9 of its levels.

You collected 271 gold pieces.

Inventory:

Hand weapons
 h - a +0 club
 j - a +0 short sword
 w - a +2 falchion of draining (weapon)
Armour
 a - a +0 robe (worn)
 b - a +0 hat (worn)
 B - a +0 pair of boots (worn)
Jewellery
 p - an amulet of regeneration (around neck)
Magical devices
 s - a wand of digging (10)
Scrolls
 f - 2 scrolls of enchant weapon {unknown}
 k - a scroll of enchant armour {unknown}
 l - 2 scrolls of immolation
 o - a scroll of remove curse
 q - a scroll of fear {unknown}
 x - 2 scrolls of random uselessness {unknown}
 y - a scroll of vulnerability {unknown}
 C - a scroll of blinking {unknown}
Potions
 e - 2 potions of cure mutation
 i - a potion of heal wounds {unknown}
 n - 2 potions of haste
 t - 3 potions of flight
 v - 2 potions of mutation {unknown}
 A - a potion of restore abilities {unknown}
Books
 c - a book of Minor Magic

   Spells                             Type                      Level
   a - Magic Dart                     Conjuration                  1
   b - Blink                          Translocation                2
   c - Call Imp                       Summoning                    2
   d - Repel Missiles                 Charms/Air                   2
   e - Slow                           Hexes                        2
   f - Conjure Flame                  Conjuration/Fire             3
   g - Mephitic Cloud                 Conjuration/Poison/Air       3
 u - Sif Muna's Compendium of Earth
   (You found it on level 3 of the Dungeon)

   Spells                             Type                      Level
   a - Sandblast                      Earth                        1
 z - a book of Frost

   Spells                             Type                      Level
   a - Freeze                         Ice                          1
   b - Throw Frost                    Conjuration/Ice              2
   c - Ozocubu's Armour               Charms/Ice                   3
   d - Throw Icicle                   Conjuration/Ice              4
   e - Summon Ice Beast               Ice/Summoning                4
   f - Condensation Shield            Ice                          4
 D - a book of Maledictions

   Spells                             Type                      Level
   a - Corona                         Hexes                        1
   b - Sure Blade                     Hexes/Charms                 2
   c - Ensorcelled Hibernation        Hexes/Ice                    2
   d - Confuse                        Hexes                        3
   e - Dazzling Spray                 Conjuration/Hexes            3
   f - Enslavement                    Hexes                        4
Comestibles
 d - 5 bread rations
 g - a beef jerky
 m - 3 meat rations


   Skills:
 + Level 6.2 Dodging
 - Level 2.4 Stealth
 * Level 9.0 Spellcasting
 * Level 6.0 Conjurations
 - Level 1.1 Summonings
 - Level 2.2 Translocations
 - Level 4.3 Fire Magic
 * Level 4.1 Air Magic
 * Level 2.1 Earth Magic
 + Level 2.6 Poison Magic


You had 9 spell levels left.
You knew the following spells:

 Your Spells              Type           Power        Failure   Level  Hunger
a - Magic Dart            Conj           ####         1%          1    None
b - Conjure Flame         Conj/Fire      #####...     1%          3    None
c - Call Imp              Summ           ###.....     6%          2    None
d - Blink                 Tloc           N/A          2%          2    None
e - Mephitic Cloud        Conj/Pois/Air  ####....     2%          3    None
f - Repel Missiles        Chrm/Air       ###...       3%          2    None
g - Sandblast             Erth           ###...       2%          1    None
x - Dazzling Spray        Conj/Hex       ####....     6%          3    None


Dungeon Overview and Level Annotations

Branches:
Dungeon (8/15)             Temple (1/1) D:4
   Lair: D:8-11

Altars:
Ashenzari
Cheibriados
Dithmenos
Gozag
Kikubaaqudgha
Nemelex Xobeh
Okawaru
Qazlal
Ru
Sif Muna
Vehumet
Xom
The Shining One


Message History

You hear some strange, mumbled words.
The magic dart hits you!
The orc hits you with a flail of crushing.
All of the chunks of flesh in your inventory have rotted away.
Casting: Dazzling Spray
Confirm with . or Enter, or press ? or * to list all spells.
Aiming: Magic Dart
Press: ? - help, Shift-Dir - straight line, f - orc
Aim: an orc, wielding a flail of crushing and wearing a leather armour (almost dead, heavily drained)
The magic dart hits the orc.
You kill the orc!
Something hits you.
* * * LOW HITPOINT WARNING * * *
Something hits you.
* * * LOW HITPOINT WARNING * * *
Something hits you but does no damage.
Items here: )) [[ a flail of crushing; a leather armour; a dagger; a chain mail Something hits you.
You die...

#.........##)........
#.............##.....
##...........## .....
#.......[...## ...#
##...........####..
##............##...
#................. ##.
##................
##....###@...............
#.......)............####
.....................#
...)................#
.......##########...#
....... ##.# ...... .....
.#..


There were no monsters in sight!

Vanquished Creatures
  Eustachio (D:5)
  2 ogres
  3 sky beasts
  A black bear (D:6)
  A phantom (D:6)
  A centaur (D:7)
  A gnoll sergeant (D:7)
  A giant frog (D:4)
  A scorpion (D:6)
  3 crimson imps
  A giant frog zombie (D:6)
  4 orc priests
  3 hounds
  2 iguanas
  A centaur skeleton (D:4)
  7 orc wizards
  3 worker ants
  2 giant frog skeletons (D:5)
  11 gnolls
  4 adders
  2 shadow imps
  A worm (D:3)
  2 giant geckos (D:3)
  An ooze (D:5)
  26 orcs
  2 bat zombies
  4 giant cockroaches
  7 goblins
  12 hobgoblins
  8 jackals
  A quokka (D:3)
  A ball python (D:3)
  13 bats
  7 giant newts
  12 kobolds
  9 rats
161 creatures vanquished.

Vanquished Creatures (collateral kills)
  A worker ant (D:4)
  2 adders (D:3)
  A gnoll (D:4)
  A worm (D:2)
  2 orcs (D:3)
  2 goblins (D:2)
  A hobgoblin (D:3)
  5 jackals
  A kobold (D:2)
16 creatures vanquished.

Vanquished Creatures (others)
  2 crimson imps
  2 orcs
4 creatures vanquished.

Grand Total: 181 creatures vanquished

Notes
Turn   | Place    | Note
--------------------------------------------------------------
     0 | D:1      | faibistes, the Deep Elf Wizard, began the quest for the Orb.
     0 | D:1      | Reached XP level 1. HP: 10/10 MP: 6/6
   412 | D:1      | Reached XP level 2. HP: 13/15 MP: 3/9
   435 | D:1      | Learned a level 2 spell: Blink
   438 | D:1      | Learned a level 2 spell: Call Imp
  1472 | D:2      | Found an ancient bone altar of Kikubaaqudgha.
  1472 | D:2      | Found a glowing golden altar of the Shining One.
  1506 | D:2      | Noticed an air elemental
  1507 | D:2      | Found a stormy altar of Qazlal.
  1508 | D:2      | Noticed a water elemental
  1514 | D:2      | Noticed an earth elemental
  1517 | D:2      | Noticed a fire elemental
  1676 | D:3      | Reached XP level 3. HP: 15/19 MP: 5/13
  1856 | D:3      | Learned a level 3 spell: Conjure Flame
  1860 | D:3      | Learned a level 3 spell: Mephitic Cloud
  2119 | D:2      | Reached skill level 5 in Spellcasting
  2391 | D:2      | Found a shimmering altar of Xom.
  2395 | D:2      | Found a shimmering altar of Xom.
  2417 | D:2      | Found a shimmering altar of Xom.
  2417 | D:2      | Found a shimmering altar of Xom.
  2418 | D:2      | Found a shimmering altar of Xom.
  2911 | D:3      | Found a deep blue altar of Sif Muna.
  2918 | D:3      | Became a worshipper of Sif Muna the Loreminder
  2926 | D:3      | Reached XP level 4. HP: 20/24 MP: 9/17
  3177 | D:3      | Reached XP level 5. HP: 25/28 MP: 2/20
  3187 | D:3      | Learned a level 2 spell: Repel Missiles
  3302 | D:5      | Entered Level 5 of the Dungeon
  3576 | D:3      | Reached skill level 6 in Spellcasting
  3596 | D:3      | Identified Sif Muna's Compendium of Earth
  3702 | D:4      | Found a staircase to the Ecumenical Temple.
  4515 | Temple   | Entered the Ecumenical Temple
  4607 | D:4      | Reached XP level 6. HP: 16/32 MP: 17/22
  5168 | D:4      | Acquired Sif Muna's first power
  5252 | D:5      | Noticed Eustachio
  5268 | D:5      | Killed Eustachio
  5268 | D:5      | Reached skill level 7 in Spellcasting
  5268 | D:5      | Reached skill level 1 in Fire Magic
  5268 | D:5      | Reached skill level 1 in Air Magic
  5268 | D:5      | Reached XP level 7. HP: 28/36 MP: 7/25
  5460 | D:5      | Found a sacrificial altar of Ru.
  5487 | D:6      | Reached skill level 5 in Dodging
  5487 | D:6      | Reached skill level 1 in Poison Magic
  5576 | D:5      | Reached skill level 5 in Conjurations
  5942 | D:5      | Noticed a sky beast
  5957 | D:5      | Killed a sky beast
  5967 | D:5      | Reached XP level 8. HP: 21/41 MP: 2/27
  6155 | D:5      | Learned a level 3 spell: Dazzling Spray
  6189 | D:5      | Acquired Sif Muna's second power
  6389 | D:5      | Noticed an ogre
  6395 | D:5      | Killed an ogre
  6395 | D:5      | Reached skill level 8 in Spellcasting
  6751 | D:5      | Noticed a sky beast
  6775 | D:5      | Killed a sky beast
  7385 | D:5      | Learned a level 1 spell: Sandblast
  7673 | D:7      | Reached skill level 1 in Earth Magic
  8010 | D:6      | Found a shattered altar of Ashenzari.
  8610 | D:6      | Reached skill level 9 in Spellcasting
  8610 | D:6      | Reached XP level 9. HP: 37/45 MP: 17/29
  8744 | D:6      | Slain by an orc wizard

Action                   |  1- 3 |  4- 6 |  7- 9 || total
-------------------------+-------+-------+-------++-------
Melee: Short sword       |     1 |     2 |       ||     3
       Falchion          |       |     2 |    59 ||    61
 Cast: Magic Dart        |    86 |   173 |   204 ||   463
       Call Imp          |     9 |     5 |     2 ||    16
       Mephitic Cloud    |     1 |    10 |     9 ||    20
       Blink             |       |     5 |     5 ||    10
       Repel Missiles    |       |     1 |     2 ||     3
       Conjure Flame     |       |       |     7 ||     7
       Dazzling Spray    |       |       |    50 ||    50
Invok: Channel Energy    |       |       |     2 ||     2
  Use: Scroll            |     1 |     1 |     3 ||     5
 Stab: Invisible         |       |       |     6 ||     6
       Sleeping          |       |       |     1 ||     1
  Eat: Chunk             |     6 |     8 |    11 ||    25
       Pizza             |       |       |     1 ||     1
